 Dungeon Crawl Stone Soup version 0.31-a0-174-g85c54bcb58 (webtiles) character file.

Game seed: 15644837759792368615

574 qw the Chopper (level 7, -2/43 HPs)
             Began as a Gargoyle Fighter on June 15, 2023.
             Was an Initiate of Okawaru.
             Slain by a yak (13 damage)
             ... on level 5 of the Dungeon.
             The game lasted 00:02:03 (3819 turns).

qw the Chopper (Gargoyle Fighter)                   Turns: 3819, Time: 00:02:03

Health: -2/43      AC: 19    Str: 22    XL:     7   Next: 35%
Magic:  5/7        EV:  8    Int:  8    God:    Okawaru [......]
Gold:   181        SH: 11    Dex: 11    Spells: 6/6 levels left

rFire   . . .        Y - +1 war axe
rCold   . . .        c - +0 buckler
rNeg    + . .        m - +0 plate armour
rPois   inf          (no helmet)
rElec   +            (no cloak)
rCorr   +            (no gloves)
SInv    .            l - -1 pair of boots of Henotheism {-Cast rCorr Dex+2}
Will    .....        i - amulet of reflection Stlth
                     (no ring)
HPRegen 0.27/turn    (no ring)
MPRegen 0.10/turn

%: no spellcasting, reflection
@: heroic
A: sickness immunity, AC +4, negative energy resistance 1, electricity
resistance, torment resistance 1, petrification resistance
a: Renounce Religion


You were on level 5 of the Dungeon.
You worshipped Okawaru.
Okawaru was noncommittal.
You visited 2 branches of the dungeon, and saw 6 of its levels.

You collected 181 gold pieces.


Innate Abilities, Weirdness & Mutations

You are immune to sickness and miasma.
Your stone body is resilient. (AC +4)
You are immune to poison.
You resist negative energy. (rN+)
You are resistant to electric shocks. (rElec)
You are resistant to unholy torment.
You are immune to petrification.


   Skills:
 - Level 4.2(9.2) Fighting
 + Level 6.0(11.0) Axes
 - Level 4.7(9.7) Armour
 - Level 1.0(6.0) Dodging
 - Level 3.2(8.2) Shields


You had 6 spell levels left.
You didn't know any spells.
Your spell library was empty.

Inventory:

Hand Weapons
 n - a +0 morningstar
 Y - a +1 war axe (weapon)
Armour
 c - a +0 buckler (worn)
 l - the -1 pair of boots of Henotheism (worn) {-Cast rCorr Dex+2}
   (You acquired it on level 2 of the Dungeon)

   Dex:       It affects your dexterity (+2).
   -Cast:     It prevents spellcasting.
   rCorr:     It protects you from acid and corrosion.
 m - a +0 plate armour (worn)
Jewellery
 a - a ring of resist corrosion
 i - an amulet of reflection (around neck)
Scrolls
 e - a scroll of identify
 f - a scroll of poison {unknown}
Potions
 b - a potion of magic
 d - a potion of might
 g - a potion of haste
 h - a potion of curing {unknown}
 j - a potion of degeneration {unknown}
 k - a potion of brilliance {unknown}

Dungeon Overview and Level Annotations

Branches:
Dungeon (5/15)             Temple (1/1) D:4

Altars:
Ashenzari
Cheibriados
Dithmenos
Fedhas
Hepliaklqana
Okawaru
Sif Muna
Uskayaw
Vehumet
Xom
Zin
The Shining One

Shops:
D:3 (   D:4 :

Annotations:
D:2 1 runed translucent door, Crazy Yiuf
D:3 exclusion: 2 orc wizards


Message History

3805 ||| Stepping ~*~*~tactically~*~*~ (stealth).
A yak comes into view.
The yak bellows!
A yak comes into view. x2
The yak bellows!
You slash the yak!
The yak is moderately wounded.
The yak gores you but does no damage.
You barely miss the yak.
The yak is moderately wounded.
You hit the yak.
The yak is moderately wounded.
You slash the yak! The yak completely misses you. The yak gores you!
You block the yak's attack. The yak completely misses you.
You hit the yak.
The yak is moderately wounded.
You hit the yak. You block the yak's attack. The yak gores you!
3815 ||| INVOKING Heroism.
You gain the combat prowess of a mighty hero.
You can no longer gain great but temporary skills.
You block the yak's attack. The yak gores you.
You barely miss the yak.
The yak is moderately wounded.
You slash the yak! The yak gores you but does no damage.
You block the yak's attack.
You slash the yak!
The yak is severely wounded.
You hit the yak. The yak completely misses you. The yak gores you!
You completely miss the yak.
The yak is severely wounded.
You hit the yak but do no damage. You block the yak's attack.
The yak gores you but does no damage.
You hit the yak.
The yak is almost dead.
You hit the yak. The yak barely misses you. The yak gores you!
You die...

.....##.#########...
### #.># ##... ##.##
#.... #..# ##....
##%## #..... ##..#
#..... #..## #.>...
##.## #..... #Y@#
#..... #Y## #.....
#YY# #..... #Y##
#..... .. #..... ..#
#..### ... #### ###.
..


You could see 5 yaks.

Vanquished Creatures
  A yak (D:5)
  A phantom (D:2)
  A scorpion (D:4)
  An orc priest (D:4)
  2 hounds (D:5)
  A sleepcap (D:4)
  An iguana (D:5)
  8 adders
  3 worms
  A dart slug (D:1)
  5 orcs
  7 endoplasms
  6 giant cockroaches
  7 goblins
  10 hobgoblins
  2 quokkas (D:2)
  5 ball pythons
  6 bats
  5 frilled lizards
  9 kobolds
  5 rats
87 creatures vanquished.

Notes
Turn   | Place    | Note
-------+----------+-------------------------------------------
     0 | D:1      | qw the Gargoyle Fighter began the quest for the Orb.
     0 | D:1      | Reached XP level 1. HP: 14/14 MP: 1/1
     0 | D:1      | 0 ||| qw: Version: 0.2-a-29-g511e9b1
     0 | D:1      | 0 ||| qw: Game counter: 5281
     0 | D:1      | 0 ||| qw: Always use a shield: true
     0 | D:1      | 0 ||| qw: God list: Okawaru
     0 | D:1      | 0 ||| qw: Allow faded altars: false
     0 | D:1      | 0 ||| qw: Do Orc after D:15 true
     0 | D:1      | 0 ||| qw: Do second Lair branch before Depths: true
     0 | D:1      | 0 ||| qw: Lair rune preference: random
     0 | D:1      | 0 ||| qw: Plans: Normal, Zot:1-4, Slime:5, God:TSO, Crypt,
                  | Tomb, Abyss, Pan, Hells, Win
     0 | D:1      | 0 ||| PLANNING D:1-11
    30 | D:1      | Reached skill level 2 in Axes
   151 | D:1      | Reached XP level 2. HP: 17/19 MP: 2/2
   381 | D:1      | 381 ||| Stepping ~*~*~tactically~*~*~ (hiding).
   383 | D:1      | 383 ||| Stepping ~*~*~tactically~*~*~ (hiding).
   656 | D:1      | Reached skill level 3 in Axes
   698 | D:1      | You fall into a shaft and drop 1 floor!
   728 | D:2      | 728 ||| UPGRADING to +0 chain mail.
   738 | D:2      | 738 ||| DROPPING +0 scale mail.
   739 | D:2      | 739 ||| UPGRADING to amulet of reflection.
   744 | D:2      | 744 ||| READING scroll labelled HURPHO HOFOSK.
   744 | D:2      | Identified a scroll of acquirement
   744 | D:2      | 744 ||| ACQUIRING -1 pair of boots of Henotheism {-Cast
                  | rCorr Dex+2}
   744 | D:2      | Acquired the -1 pair of boots of Henotheism {-Cast rCorr
                  | Dex+2}
   745 | D:2      | 745 ||| READING scroll labelled MEAKLUONWU.
   810 | D:1      | 810 ||| Stepping ~*~*~tactically~*~*~ (stealth).
   828 | D:1      | 828 ||| Stepping ~*~*~tactically~*~*~ (stealth).
   840 | D:1      | 840 ||| Stepping ~*~*~tactically~*~*~ (stealth).
   846 | D:1      | Reached XP level 3. HP: 23/23 MP: 3/3
   859 | D:1      | 859 ||| Stepping ~*~*~tactically~*~*~ (stealth).
  1171 | D:2      | Noticed a phantom
  1172 | D:2      | 1172 ||| Stepping ~*~*~tactically~*~*~ (hiding).
  1183 | D:2      | Killed a phantom
  1184 | D:2      | Reached skill level 4 in Axes
  1184 | D:2      | Reached XP level 4. HP: 14/28 MP: 4/4
  1368 | D:2      | Reached XP level 5. HP: 32/32 MP: 5/5
  1372 | D:2      | 1372 ||| Stepping ~*~*~tactically~*~*~ (stealth).
  1759 | D:2      | 1759 ||| Stepping ~*~*~tactically~*~*~ (hiding).
  1857 | D:2      | Found a runed translucent door.
  1858 | D:2      | Noticed Crazy Yiuf
  1963 | D:2      | 1963 ||| UPGRADING to -1 pair of boots of Henotheism {-Cast
                  | rCorr Dex+2}.
  1968 | D:2      | 1968 ||| READING scroll labelled CYUT WIURGHEO.
  1969 | D:2      | 1969 ||| READING scroll labelled QIRAKH LUEMEERAI.
  2085 | D:3      | 2085 ||| DROPPING +0 whip.
  2129 | D:3      | Reached skill level 5 in Axes
  2147 | D:3      | 2147 ||| Stepping ~*~*~tactically~*~*~ (hiding).
  2148 | D:3      | 2148 ||| Stepping ~*~*~tactically~*~*~ (hiding).
  2165 | D:3      | Found a hide-covered altar of Uskayaw.
  2232 | D:3      | Reached skill level 1 in Dodging
  2236 | D:3      | 2236 ||| DROPPING +3 whip.
  2273 | D:3      | 2273 ||| DROPPING +0 flail.
  2363 | D:3      | Found Asegrup's Antique Weapon Shoppe.
  2372 | D:3      | 2372 ||| SHOPLISTING translucent morningstar (225 gold,
                  | have 71).
  2463 | D:3      | Found a shimmering blue altar of Sif Muna.
  2470 | D:3      | 2470 ||| READING scroll labelled YHAIRPH JUIST.
  2534 | D:3      | 2534 ||| READING scroll labelled XIHEUM WOAC.
  2635 | D:3      | 2635 ||| READING 3 scrolls of identify.
  2635 | D:3      | 2635 ||| IDENTIFYING fizzy black potion
  2636 | D:3      | 2636 ||| READING 2 scrolls of identify.
  2636 | D:3      | 2636 ||| IDENTIFYING sedimented puce potion
  2741 | D:4      | Found Ucluch's Tiny Tomes.
  2777 | D:4      | Reached XP level 6. HP: 20/38 MP: 6/6
  2777 | D:4      | HP: 8/38 [orc priest/divine providence (12)]
  2778 | D:4      | 2778 ||| DRINKING potion of heal wounds.
  2840 | D:4      | Found a shimmering altar of Xom.
  2914 | D:4      | 2914 ||| Stepping ~*~*~tactically~*~*~ (stealth).
  2960 | D:4      | Found a staircase to the Ecumenical Temple.
  2961 | D:4      | 2961 ||| PLANNING TEMPLE
  2970 | Temple   | Entered the Ecumenical Temple
  3021 | Temple   | 3021 ||| PLANNING OKAWARU WORSHIP
  3193 | Temple   | Became a worshipper of Warmaster Okawaru
  3194 | Temple   | 3194 ||| PLANNING D:1-11
  3332 | D:4      | Identified the +11 short sword "Adaz" {drain, *Slow rCorr
                  | Str+2 Dex+3}
  3483 | D:4      | 3483 ||| UPGRADING to +0 plate armour.
  3493 | D:4      | 3493 ||| DROPPING +0 chain mail.
  3494 | D:4      | 3494 ||| READING scroll labelled LUIWKAR TOCVEJA.
  3495 | D:4      | 3495 ||| READING scroll labelled QYSAUTA SAVELO.
  3496 | D:4      | 3496 ||| READING 2 scrolls of identify.
  3496 | D:4      | 3496 ||| IDENTIFYING blue potion
  3519 | D:5      | Entered Level 5 of the Dungeon
  3681 | D:5      | Reached skill level 6 in Axes
  3738 | D:5      | Noticed a yak
  3745 | D:5      | Reached XP level 7. HP: 43/43 MP: 7/7
  3753 | D:5      | Killed a yak
  3753 | D:5      | Reached * piety under Okawaru
  3804 | D:5      | Noticed a yak
  3804 | D:5      | Noticed a yak
  3805 | D:5      | 3805 ||| Stepping ~*~*~tactically~*~*~ (stealth).
  3806 | D:5      | Noticed a yak
  3808 | D:5      | Noticed a yak
  3808 | D:5      | Noticed a yak
  3815 | D:5      | 3815 ||| INVOKING Heroism.
  3817 | D:5      | HP: 10/43 [yak (10)]
  3819 | D:5      | Slain by a yak

Levels and vault maps discovered:
D:1:      spicycebolla_arrival_clurvy, layout_loops_corners
D:2:      layout_loops_cross, minmay_stone_trees_medium, uniq_crazy_yiuf_cottage
D:3:      kennysheep_big_flooded_room, layout_rooms, lemuel_crystal_altar,
          led_sif_book, serial_shops, shop
D:4:      layout_cave_pools, amcnicky_altar_gilded, minmay_temple_entry_slanted,
          nicolae_shop_i_like_small_books_too
D:5:      layout_cave_pods, kennysheep_mini_moat, feat_on_display
Temple:   jpeg_temple_island

Skill      XL: |  1  2  3  4  5  6  7 |
---------------+----------------------+-----
Axes           | 2 3 4 5 6 |  6.0
Dodging        | 1 |  1.0
Fighting       | 4 |  4.2
Armour         | 4 |  4.7
Shields        | |  3.2

Action                     |  1- 3 |  4- 6 |  7- 9 || total
---------------------------+-------+-------+-------++-------
  Melee: War axe           |    74 |   190 |    17 ||   281
 Invoke: Heroism           |       |       |     1 ||     1
    Use: Scroll            |     2 |     9 |       ||    11
         Potion            |       |     1 |       ||     1
 Armour: Scale mail        |    15 |       |       ||    15
         Chain mail        |    11 |    62 |       ||    73
         Plate armour      |       |    21 |     4 ||    25
  Dodge: Dodged            |    27 |    45 |     5 ||    77
  Block: Buckler           |    16 |    86 |     9 ||   111
         Reflection        |       |     4 |       ||     4

Table legend:
 A = Non-vault XP
 B = Vault XP
 C = Vault XP percentage of total XP
 D = Non-vault monster count
 E = Vault monster count
 F = Vault count percentage of total count
                 A         B        C        D         E       F
            +---------+---------+-------+---------+---------+-------
      Total |     802 |      19 |   2.3 |      85 |       2 |   2.3
            +---------+---------+-------+---------+---------+-------
        D:1 |      43 |       0 |   0.0 |      27 |       0 |   0.0
        D:2 |     159 |       0 |   0.0 |      18 |       0 |   0.0
        D:3 |      53 |      19 |  26.4 |      16 |       2 |  11.1
        D:4 |     203 |       0 |   0.0 |      18 |       0 |   0.0
        D:5 |     344 |       0 |   0.0 |       6 |       0 |   0.0
            +---------+---------+-------+---------+---------+-------
